AoeStats
← aoesweden

Arena

509081128Analyzed
2v2 RM · 6d ago on Sep 25, 2026· 37m 31s· 4 players
Game mode
Random Map
Map size
Medium (4 player)
Population
200
Speed
Normal
Resources
Standard
Victory
Conquest
Starting age
Dark Age
Ending age
Imperial Age
RankedLock teamsTeams togetherTeam positionsShared explorationLock speedFull tech treeHidden civsTurbo modeCheats
Victory
Defeat
🇭🇰 Wei · Hong Kong SAR China
995
+15
🇮🇹 Cumans · Italy
934
+56
🇹🇷 Persians · Türkiye
980
-17
🇸🇪 Celts · Sweden
977
-17
aoesweden
9:42 Feudal Age
10:10 Double-Bit Axe
11:53 Horse Collar
12:26 Stone Mining
20:10 Castle Age
19:35 Gold Mining
21:10 Scale Barding Armor
21:59 Bow Saw
22:26 Gold Shaft Mining
23:23 Heavy Plow
24:36 Stone Shaft Mining
27:22 Stronghold
28:12 Chain Barding Armor
32:50 Imperial Age
30:59 Murder Holes
32:55 Wheelbarrow
31:58 Pikeman
33:31 Cavalier
35:03 Forging
34:54 Scale Mail Armor
35:42 Conscription
37:21 Paladin
Hormozan
1:10 Loom
12:59 Feudal Age
14:34 Double-Bit Axe
17:50 Castle Age
16:51 Horse Collar
19:00 Forging
18:50 Scale Mail Armor
20:25 Bow Saw
20:06 Pikeman
23:48 Iron Casting
24:19 Heavy Plow
25:02 Squires
26:24 Wheelbarrow
25:40 Town Watch
30:23 Chain Mail Armor
30:59 Caravan
35:26 Imperial Age
35:25 Halberdier
35:51 Arson
38:08 Blast Furnace
Kobrha
10:46 Feudal Age
11:58 Horse Collar
13:47 Double-Bit Axe
21:10 Castle Age
21:43 Pikeman
23:21 Scale Mail Armor
23:16 Fletching
24:06 Scale Barding Armor
24:12 Forging
25:32 Gold Mining
25:32 Stone Mining
29:41 Chain Barding Armor
38:29 Imperial Age
37:32 Bodkin Arrow
37:39 Padded Archer Armor
38:15 Iron Casting
松本一香
10:43 Feudal Age
14:15 Castle Age
12:24 Double-Bit Axe
12:41 Horse Collar
13:33 Gold Mining
14:24 Stone Mining
15:43 Bow Saw
24:35 Wheelbarrow
25:59 Gold Shaft Mining
28:59 Imperial Age
28:34 Stone Shaft Mining
28:37 Forging
28:33 Scale Barding Armor
28:18 Fletching
28:28 Padded Archer Armor
28:56 Tuntian
31:34 Parthian Tactics
31:15 Thumb Ring
32:06 Bodkin Arrow
32:27 Leather Archer Armor
32:32 Chain Barding Armor
32:47 Iron Casting
32:37 Ballistics
33:18 Chemistry
33:00 Hand Cart
34:36 Conscription
35:43 Ming Guang Armor
35:12 Elite Tiger Cavalry
Connection lost

Rejoining the realm…

Still unreachable

The connection could not be restored.

Session expired

The server has moved on; the page needs a fresh start.